 Dungeon Crawl Stone Soup version 0.23-b1-13-gf37ab262a9 (webtiles) character file.

Game seed: 7544731555783442042

315 Peloso the Shield-Bearer (level 6, -4/53 HPs)
             Began as a Minotaur Fighter on Feb 2, 2019.
             Blown up by Ijyb (18 damage)
             ... with a wand of disintegration (12)
             ... on level 3 of the Dungeon.
             The game lasted 00:03:27 (1869 turns).

Peloso the Shield-Bearer (Minotaur Fighter)         Turns: 1869, Time: 00:03:27

Health: -4/53      AC: 12    Str: 26    XL:     6   Next: 20%
Magic:  5/5        EV:  5    Int:  5    God:
Gold:   93         SH: 10    Dex: 11    Spells: 5/5 levels left

rFire    . . .     SeeInvis .   a - +0 long sword
rCold    . . .     Gourm    .   c - +0 shield
rNeg     . . .     Faith    .   m - +0 plate armour
rPois    .         Spirit   .   (helmet restricted)
rElec    .         Reflect  .   (no cloak)
rCorr    .         Harm     .   (no gloves)
MR       .....                  (no boots)
Stlth    ..........             g - amulet of rage
HPRegen  0.17/turn              (no ring)
MPRegen  0.09/turn              (no ring)

@: mighty
A: retaliatory headbutt, horns 2
a: Evoke Berserk Rage


You were on level 3 of the Dungeon.
You were not hungry.

You visited 1 branch of the dungeon, and saw 3 of its levels.

You collected 93 gold pieces.

Inventory:

Hand Weapons
 a - a +0 long sword (weapon)
 o - a +1 vampiric hand axe
Armour
 b - a +0 scale mail
 c - a +0 shield (worn)
 m - a +0 plate armour (worn)
Jewellery
 g - an amulet of rage (around neck)
Scrolls
 h - 2 scrolls of magic mapping {unknown}
 i - a scroll of amnesia {unknown}
 j - 2 scrolls of remove curse {unknown}
 k - 3 scrolls of identify {unknown}
 n - a scroll of noise {unknown}
Potions
 e - a potion of berserk rage {unknown}
 l - a potion of flight {unknown}
 p - a potion of heal wounds {unknown}
Comestibles
 f - 5 rations


   Skills:
 + Level 4.5 Fighting
 + Level 4.5 Long Blades
 + Level 5.1 Armour
 + Level 1.4 Dodging
 + Level 5.4 Shields


You had 5 spell levels left.
You didn't know any spells.
Your spell library contained the following spells:

 Spells                   Type           Power        Failure   Level  Hunger
 Magic Dart               Conj           #...         100%        1    ##.....
 Blink                    Tloc           N/A          100%        2    ###....
 Call Imp                 Summ           #.......     100%        2    ###....
 Slow                     Hex            #.......     100%        2    ###....
 Conjure Flame            Conj/Fire      #.......     100%        3    ####...
 Mephitic Cloud           Conj/Pois/Air  #.......     100%        3    ####...


Dungeon Overview and Level Annotations

Branches:
Dungeon (3/15)

Altars:
Elyvilon
Yredelemnul

Annotations:
D:3 Ijyb


Innate Abilities, Weirdness & Mutations

You reflexively headbutt those who attack you in melee.
You have a pair of horns on your head.


Message History

You feel sick.
You feel sick.
You feel sick.
You feel sick.
You feel sick.
You feel sick.
You feel sick.
Ijyb the Twisted Goblin comes into view.
She is carrying a wand of disintegration (13).
You feel sick.
You are no longer poisoned.
Ijyb shouts!
Ijyb grins evilly.
Ijyb zaps a wand.
You are blasted!
* * * LOW HITPOINT WARNING * * *
Found a fuming amethyst potion.
You see here a spear.
You feel very mighty all of a sudden. Ijyb screams, "I dance on your bones!"
Ijyb zaps a wand.
You are blasted!
You die...

#.......#≈##
#........≈.#
#........≈.#
#........≈.#
#.......#≈## #......)#≈#
#########. #.......###
#......... #.......#
+...g....#
#.>.....#######.@......#
#######.#<......#.######
#.........#.#
#.#.####..#.#
#.#.......#.#
#.#......##.# #.#.######
!# #.#.# .# #.#.#


You could see Ijyb.

Vanquished Creatures
  2 jellies (D:2)
  An orc wizard (D:3)
  4 gnolls (D:2)
  6 adders (D:2)
  10 oozes (D:2)
  2 worms (D:2)
  A dart slug (D:1)
  4 leopard geckos
  2 orcs (D:3)
  A bat (D:3)
  4 giant cockroaches
  4 goblins
  8 hobgoblins
  6 jackals
  20 kobolds
  A ball python (D:1)
  2 frilled lizards (D:1)
  9 rats
87 creatures vanquished.

Vanquished Creatures (others)
  A fungus (D:2)
  8 toadstools (D:2)
9 creatures vanquished.

Grand Total: 96 creatures vanquished

Notes
Turn   | Place    | Note
-------+----------+-------------------------------------------
     0 | D:1      | Peloso the Minotaur Fighter began the quest for the Orb.
     0 | D:1      | Reached XP level 1. HP: 19/19 MP: 0/0
   102 | D:1      | Reached XP level 2. HP: 26/27 MP: 1/1
   704 | D:2      | Reached XP level 3. HP: 33/33 MP: 2/2
   868 | D:2      | Reached XP level 4. HP: 22/40 MP: 3/3
   978 | D:2      | Reached skill level 1 in Dodging
  1166 | D:2      | Reached XP level 5. HP: 40/46 MP: 4/4
  1174 | D:2      | Found a white marble altar of Elyvilon.
  1250 | D:2      | Found a basalt altar of Yredelemnul.
  1562 | D:2      | Reached skill level 5 in Shields
  1588 | D:2      | Reached skill level 5 in Armour
  1618 | D:2      | Reached XP level 6. HP: 45/52 MP: 5/5
  1867 | D:3      | Noticed Ijyb
  1869 | D:3      | Blown up by Ijyb

Skill      XL: |  1  2  3  4  5 |
---------------+----------------+-----
Shields        | 4 5 |  5.4
Armour         | 4 5 |  5.1
Fighting       | 4 |  4.5
Long Blades    | 3 4 |  4.5
Dodging        | 1 |  1.4

Action                   |  1- 3 |  4- 6 || total
-------------------------+-------+-------++-------
Melee: Long sword        |   133 |   110 ||   243
       Headbutt          |    11 |    22 ||    33
  Use: Potion            |       |     1 ||     1
  Eat: Chunk             |       |     4 ||     4
Armor: Scale mail        |    56 |       ||    56
       Plate armour      |    11 |    62 ||    73
Dodge: Dodged            |    34 |    14 ||    48
Block: Shield            |    73 |    47 ||   120
       Rpst.: Long sword |     4 |     7 ||    11
